 Dungeon Crawl Stone Soup version 0.26-a0-651-gb41185065b (webtiles) character file.

Game seed: 15801010032224110095

109 Flugslaktarn the Shield-Bearer (level 4, 0/42 HPs)
             Began as a Deep Dwarf Fighter on Oct 14, 2020.
             Slain by an ogre
             ... wielding a +0 giant spiked club
              (18 damage)
             ... on level 2 of the Dungeon.
             The game lasted 00:00:19 (318 turns).

Flugslaktarn the Shield-Bearer (Deep Dwarf Fighter)  Turns: 318, Time: 00:00:19

Health: 0/42       AC:  7    Str: 19    XL:     4   Next: 59%
Magic:  4/4        EV:  7    Int:  9    God:
Gold:   37         SH:  9    Dex: 13    Spells: 3/3 levels left

rFire    . . .     SeeInvis .   a - +0 war axe
rCold    . . .     Faith    .   c - +0 kite shield
rNeg     . . .     Spirit   .   b - +0 scale mail
rPois    .         Reflect  .   (no helmet)
rElec    .         Harm     .   (no cloak)
rCorr    .         Rampage  .   (no gloves)
MR       .....                  (no boots)
Stlth    ..........             (no amulet)
HPRegen  0.00/turn              (no ring)
MPRegen  0.09/turn              (no ring)

@: non-regenerating
A: damage resistance, heal wounds, sense surroundings 1, no regeneration
a: Heal Wounds


You were on level 2 of the Dungeon.
You visited 1 branch of the dungeon, and saw 2 of its levels.

You collected 37 gold pieces.

Inventory:

Hand Weapons
 a - a +0 war axe (weapon)
Armour
 b - a +0 scale mail (worn)
 c - a +0 kite shield (worn)
Scrolls
 e - 2 scrolls of immolation {unknown}
 g - a scroll of identify {unknown}
Potions
 d - a potion of might
 f - 2 potions of brilliance {unknown}


   Skills:
 * Level 3.5 Fighting
 * Level 3.5 Axes
 + Level 3.8 Armour
 + Level 3.8 Shields


You had 3 spell levels left.
You didn't know any spells.
Your spell library was empty.

Dungeon Overview and Level Annotations

Branches:
Dungeon (2/15)

Altars:
Qazlal


Innate Abilities, Weirdness & Mutations

You are resistant to damage.
You can heal yourself by infusing magical energy.
You passively map a small area around you.
You do not regenerate.


Message History

You closely miss the kobold. The kobold hits you with a +0 dagger.
The kobold hits you but does no damage.
You hit the kobold.
You kill the kobold!
The orc throws a boomerang.
The boomerang barely misses you.
The weapon returns to the orc!
The orc throws a boomerang.
The boomerang hits you but does no damage.
The weapon returns to the orc!
You block the orc's attack.
Items here: ))) [[ †††.
You slash the orc!
You kill the orc!
The ogre hits you with a +0 giant spiked club!
You hit the ogre.
The ogre is moderately wounded.
The ogre closely misses you.
You hit the ogre.
The ogre is moderately wounded.
The ogre hits you with a +0 giant spiked club!!
You die...

* , * * ## * *
* .##### , ,,
.....#### * ,
####....### * *
* * * *
####...### ,,,,
,
###...########
###....(@O.# *,
*
########......#
, *#...#.. *
...... ,..... *
* ,*..... * *
.### , *. * ,
.., , #. * , *
,,


You could see an ogre.

Vanquished Creatures
  2 orc wizards (D:2)
  4 gnolls (D:2)
  An orc (D:2)
  A giant cockroach (D:2)
  3 goblins
  4 hobgoblins
  A quokka (D:2)
  4 bats
  5 frilled lizards
  3 kobolds
  2 rats (D:2)
30 creatures vanquished.

Notes
Turn   | Place    | Note
-------+----------+-------------------------------------------
     0 | D:1      | Flugslaktarn the Deep Dwarf Fighter began the quest for the
                  | Orb.
     0 | D:1      | Reached XP level 1. HP: 20/20 MP: 1/1
    82 | D:2      | Reached XP level 2. HP: 27/27 MP: 2/2
   126 | D:2      | Reached XP level 3. HP: 28/34 MP: 3/3
   172 | D:2      | Found a stormy altar of Qazlal.
   268 | D:2      | Noticed an ogre
   295 | D:2      | Reached XP level 4. HP: 39/42 MP: 4/4
   318 | D:2      | Slain by an ogre

Illustrated notes

Levels and vault maps discovered:
D:1:      minmay_arrival_solitary_statue, layout_basic, nrook_campfire,
          minmay_fountain_box, minmay_split_cup_large
D:2:      layout_rooms, grunt_qazlal_sundering, minmay_worlds_worst_comb

Skill      XL: |  1  2  3 |
---------------+----------+-----
Fighting       | 3 |  3.5
Axes           | 3 |  3.5
Armour         | |  3.8
Shields        | |  3.8

Action                   |  1- 3 |  4- 6 || total
-------------------------+-------+-------++-------
Melee: War axe           |    94 |    22 ||   116
 Abil: Heal Wounds       |     1 |       ||     1
Armor: Scale mail        |    55 |    11 ||    66
Dodge: Dodged            |    34 |     3 ||    37
Block: Kite shield       |    52 |     6 ||    58

Table legend: (Time is in decaauts)
 A = Elapsed time spent in this place.
 B = Non-inter-level travel time spent in this place.
 C = Inter-level travel time spent in this place.
 D = Time resting spent in this place.
 E = Time spent auto-exploring this place.
 F = Levels seen in this place.
 G = Mean time per level.
                   A        B        C        D        E       F      G
               +--------+--------+--------+--------+--------+-----+--------+
         Total |    369 |    365 |      4 |      0 |    146 |   2 |  184.5 |
       Dungeon |    369 |    365 |      4 |      0 |    146 |   2 |  184.5 |
               +--------+--------+--------+--------+--------+-----+--------+

Top non-repeatable levels by time:
     D:2: 281 daAuts
     D:1: 88 daAuts
